Map: Acropolis LE

Players

Namshar

  • Race: Zerg Zerg
  • League: Grandmaster
  • Spawn Location: 11:00

HellraiseR - Winner!

  • Race: Protoss Protoss
  • Spawn Location: 5:00

Event: HomeStory Cup XIX

VOD

Have the link to the VOD?

Description

Time

  • Played on: June 28, 2019, 9:36 a.m.
  • Length: 4:08

All games in this series

Show
View Real Time Build Order
Export as new Build Order

Namshar Zerg 

Build Orders: 3 Hatch before Pool 

Get SALT Encoding   

  12  0:00  Drone  
  13  0:12  Overlord  
  13  0:16  Drone  
  14  0:30  Drone x2  
  14  0:35  Drone  
  17  0:51  Hatchery  
  17  0:55  Drone  
  17  1:15  Hatchery  
  16  1:19  Drone  
  16  1:22  Drone  
  18  1:33  Extractor  
  18  1:37  Spawning Pool  
  16  1:40  Drone  
  16  1:42  Drone  
  18  1:50  Drone  
  19  2:08  Drone  
  18  2:37  Spine Crawler  
  18  2:38  Spine Crawler  
  18  2:39  Zergling x4  
  18  2:40  Queen  
  19  2:46  Spine Crawler  
  19  2:48  Zergling x2  
  19  2:55  Zergling x4  
  19  2:56  Zergling x2  
  22  3:03  Zergling x2  
  23  3:10  Drone  
  20  3:17  Zergling x4  
  19  3:22  Zergling x2  
  20  3:31  Zergling x2  
  17  3:37  Zergling x4  
  13  3:44  Zergling x4  
Show
View Real Time Build Order
Export as new Build Order

HellraiseR Protoss - Winner!

Build Orders:  

Get SALT Encoding   

  12  0:00  Probe  
  13  0:12  Probe  
  14  0:20  Pylon  
  14  0:23  Probe  
  15  0:34  Probe  
  15  0:38  Gateway  
  16  0:44  Probe  
  16  0:48  Assimilator  
  17  0:56  Probe  
  18  1:08  Probe  
  20  1:26  Forge  
  20  1:27  Cybernetics Core  
  19  1:35  Pylon  
  19  1:40  Pylon  
  19  1:45  Pylon  
  19  1:58  Photon Cannon, Adept  
  19  2:02  Pylon  
  19  2:06  Photon Cannon  
  22  2:22  Photon Cannon, Adept  
  21  2:28  Photon Cannon  
  23  2:37  Shield Battery  
  23  2:38  Shield Battery  
  23  2:39  Probe  
  24  2:51  Probe  
  24  2:52  Stalker  
  27  3:04  Probe  
  25  3:16  Probe  
  26  3:25  Adept  
  28  3:28  Probe  
  29  3:34  Pylon  
  29  3:40  Probe  
  28  3:52  Probe, Robotics Facility  
  28  3:53  Shield Battery  
Tags
 
Add a new tag
Caveats
  • Supply blocks, unpowered buildings, or Contaminate may cause inaccurate times.
  • Supply counts are checked every 10 seconds.